Map: Cactus Valley LE (Void)

Players

Railgan

  • Race: Zerg Zerg
  • League: Grandmaster
  • Spawn Location: 5:00

Nolimit - Winner!

  • Race: Zerg Zerg
  • League: Master
  • Spawn Location: 1:00

VOD

Have the link to the VOD?

Description

Time

  • Played on: March 24, 2017, 1:40 p.m.
  • Length: 10:18
Show
View Real Time Build Order
Export as new Build Order

Railgan Zerg 

Build Orders: Pool First 

Get SALT Encoding   

  12  0:20  Spawning Pool  
  11  0:22  Drone  
  11  0:26  Drone  
  13  0:31  Drone  
  14  0:41  Extractor  
  14  0:42  Drone  
  14  0:46  Overlord  
  14  1:06  Queen  
  14  1:07  Zergling x2  
  14  1:08  Zergling x2  
  18  1:15  Zergling x2  
  19  1:26  Zergling x2  
  20  1:37  Zergling x2  
  21  1:44  Metabolic Boost  
  21  1:48  Zergling x2  
  22  2:03  Baneling Nest, Zergling x2  
  22  2:09  Overlord  
  22  2:31  Zergling x2  
  22  2:32  Zergling x2  
  22  2:36  Zergling x2  
  25  2:40  Zergling x2  
  26  2:50  Baneling x4  
  25  2:51  Zergling x6  
  27  3:00  Baneling  
  27  3:03  Drone  
  28  3:08  Drone  
  23  3:27  Drone x2  
  24  3:36  Hatchery  
  24  3:38  Baneling  
  24  3:40  Baneling  
  23  3:44  Drone  
  23  3:48  Drone  
  25  3:51  Drone  
  26  4:00  Overlord  
  26  4:05  Drone  
  26  4:08  Drone  
  28  4:13  Drone  
  28  4:14  Extractor  
  28  4:17  Drone  
  29  4:29  Drone  
  29  4:30  Drone x2  
  32  4:40  Lair  
  32  4:41  Drone  
  33  4:48  Overlord  
  33  4:51  Drone  
  34  4:57  Drone x2  
  36  5:02  Drone  
  36  5:04  Drone  
  36  5:06  Drone  
  39  5:10  Drone  
  40  5:19  Queen  
  41  5:23  Drone x2  
  43  5:28  Overlord  
  43  5:31  Zergling x2  
  43  5:32  Zergling x2  
  45  5:36  Extractor  
  45  5:38  Extractor  
  45  5:39  Spire, Drone  
  45  5:41  Drone  
  44  5:44  Drone x2  
  44  5:49  Overseer  
  46  5:52  Drone  
  46  5:53  Drone  
  48  6:01  Drone x2  
  48  6:02  Drone  
  48  6:03  Drone  
  52  6:05  Overlord  
  52  6:19  Drone  
  52  6:22  Overlord  
  53  6:33  Drone x2  
  55  6:40  Hatchery  
  55  6:43  Overlord  
  54  6:51  Zerg Flyer Armor Level 1  
  54  6:55  Mutalisk x4  
  54  6:58  Drone x2  
  64  7:04  Mutalisk  
  64  7:06  Drone x2  
  68  7:08  Overlord  
  68  7:11  Extractor  
  68  7:15  Spore Crawler  
  66  7:16  Extractor, Spore Crawler  
  66  7:18  Drone  
  65  7:29  Mutalisk  
  65  7:30  Mutalisk x2  
  64  7:45  Mutalisk, Zergling x6  
  64  7:48  Zergling x12  
  75  7:57  Mutalisk  
  75  7:58  Zergling x2  
  75  8:08  Queen  
  73  8:21  Hatchery  
  73  8:23  Mutalisk  
  73  8:24  Mutalisk x2  
  73  8:25  Baneling  
  73  8:26  Baneling, Zergling x8  
  73  8:34  Queen  
  73  8:38  Zergling x2  
  73  8:39  Mutalisk  
  73  8:40  Mutalisk  
  80  8:42  Zergling x4  
  81  8:52  Overlord x2  
  75  9:08  Overlord x2  
  70  9:17  Overlord  
  67  9:27  Mutalisk x4  
  73  9:35  Queen  
  74  9:40  Drone  
  77  9:47  Mutalisk  
  77  9:48  Mutalisk  
  77  9:50  Spore Crawler  
  79  10:05  Drone  
  79  10:06  Drone x2  
Show
View Real Time Build Order
Export as new Build Order

Nolimit Zerg - Winner!

Build Orders: Hatch First 

Get SALT Encoding   

  12  0:01  Drone  
  13  0:12  Overlord  
  13  0:17  Drone  
  14  0:31  Drone  
  14  0:32  Drone  
  14  0:35  Drone  
  17  0:55  Hatchery  
  16  1:07  Spawning Pool  
  16  1:08  Drone  
  16  1:13  Drone  
  16  1:16  Drone  
  18  1:23  Drone  
  19  1:30  Overlord  
  19  1:53  Queen  
  21  1:54  Spine Crawler  
  21  1:55  Zergling x4  
  21  1:56  Spine Crawler  
  21  2:02  Zergling x2  
  21  2:06  Queen  
  24  2:09  Zergling x2  
  24  2:15  Zergling x2  
  26  2:23  Zergling x2  
  26  2:29  Zergling x2  
  27  2:30  Zergling x2  
  27  2:36  Zergling x2  
  27  2:48  Queen  
  29  3:00  Spine Crawler  
  28  3:07  Queen  
  30  3:15  Zergling x4  
  30  3:16  Zergling x2  
  27  3:30  Queen  
  29  3:40  Evolution Chamber  
  28  3:50  Drone x5  
  28  3:51  Drone  
  34  4:01  Overlord  
  34  4:11  Drone  
  35  4:19  Queen  
  35  4:22  Drone x2  
  39  4:26  Drone x2  
  39  4:27  Drone x2  
  43  4:31  Extractor  
  43  4:32  Extractor  
  43  4:33  Extractor  
  40  4:39  Drone x3  
  43  4:46  Overlord  
  43  4:52  Overlord  
  43  4:56  Extractor  
  42  5:01  Drone  
  43  5:08  Drone x2  
  43  5:09  Drone x2  
  43  5:11  Drone x2  
  43  5:13  Lair  
  49  5:19  Drone  
  49  5:20  Drone  
  51  5:23  Drone  
  52  5:28  Drone  
  52  5:29  Drone  
  52  5:34  Zerg Melee Weapons Level 1  
  54  5:39  Metabolic Boost  
  54  5:43  Drone x2  
  56  5:51  Drone, Overlord  
  56  5:52  Drone  
  58  6:01  Baneling Nest  
  58  6:03  Drone x2  
  59  6:13  Spire  
  59  6:17  Drone x2  
  60  6:21  Drone  
  60  6:22  Overlord  
  60  6:25  Drone x2, Baneling Nest  
  63  6:32  Overlord  
  62  6:33  Overlord  
  62  6:43  Zergling x10  
  62  6:46  Baneling x3  
  67  6:57  Zergling x6  
  70  7:10  Hatchery  
  70  7:12  Zergling x8  
  70  7:13  Zergling x2  
  74  7:25  Zergling x2  
  74  7:26  Zergling x6  
  77  7:33  Mutalisk  
  77  7:35  Mutalisk x3  
  84  7:44  Mutalisk x3  
  84  7:47  Zerg Flyer Armor Level 1  
  84  7:51  Mutalisk, Overlord  
  89  8:03  Extractor, Mutalisk x2  
  83  8:07  Extractor, Baneling x3  
  83  8:10  Baneling x2  
  83  8:11  Mutalisk  
  83  8:13  Spore Crawler  
  75  8:27  Drone x4  
  75  8:28  Queen x2  
  75  8:29  Queen  
  85  8:36  Mutalisk x2  
  85  8:41  Zergling x6  
  92  8:50  Mutalisk  
  84  9:12  Mutalisk x5  
  84  9:16  Drone x2  
  84  9:17  Drone x2  
  96  9:27  Zergling x2  
  96  9:28  Zergling x4  
  95  9:35  Mutalisk  
  95  9:36  Mutalisk  
  95  9:46  Spore Crawler  
  95  9:50  Zergling x6  
  95  9:51  Zergling x4  
  99  9:58  Overlord x2  
Tags
 
Add a new tag
Caveats
  • Supply blocks, unpowered buildings, or Contaminate may cause inaccurate times.
  • Supply counts are checked every 10 seconds.